 Dungeon Crawl Stone Soup version 0.32-a0-996-gb3226c233f (webtiles) character file.

Game seed: 6630766295731201723

1155 GiantSquids the Ruffian (level 8, 0/52 HPs)
             Began as an Octopode Cinder Acolyte on Apr 23, 2024.
             Was an Elder of Ignis.
             Slain by a white imp (3 damage)
             ... on level 7 of the Dungeon on Apr 24, 2024.
             The game lasted 00:11:06 (5427 turns).

GiantSquids the Ruffian (Octopode Cinder Acolyte)   Turns: 5427, Time: 00:11:07

Health: 0/52       AC:  4    Str: 15      XL:     8   Next: 39%
Magic:  9/9        EV: 11    Int: 22      God:    Ignis [****..]
Gold:   357        SH:  0    Dex:  7 (8)  Spells: 9/9 levels left

rFire   + +          .
                       - Unarmed
rCold   . . .        (no shield)
rNeg    . . .        (helmet restricted)
rPois   +            (no amulet)
rElec   .            h - ring of protection from fire
rCorr   .            l - +6 ring of intelligence
SInv    +            u - ring of see invisible
Will    .....        w - ring of poison resistance
Stlth   +++          (no ring)
HPRegen 0.28/turn    (no ring)
MPRegen 0.11/turn    (no ring)
                     (no ring)

%: no passive effects
@: corroded, fiery-armoured
A: almost no armour, amphibious, 8 rings, camouflage 1, gelatinous body 1,
(nimble swimmer 1), tentacles
a: Renounce Religion, Fiery Armour, Foxfire Swarm, Rising Flame


You were on level 7 of the Dungeon.
You worshipped Ignis.
Ignis was greatly pleased with you.
You visited 1 branch of the dungeon, and saw 7 of its levels.

You collected 357 gold pieces.

Inventory:

Missiles
 q - 7 poisoned darts (quivered)
Jewellery
 h - a ring of protection from fire (left tentacle)
 l - a +6 ring of intelligence (right tentacle)
 u - a ring of see invisible (on tentacle)
 w - a ring of poison resistance (on tentacle)
Talismans
 e - a blade talisman
Wands
 s - a wand of warping (8)
 t - a wand of polymorph (9)
Scrolls
 b - 2 scrolls of revelation
 c - 2 scrolls of silence
 d - a scroll of vulnerability {unknown}
 f - a scroll of enchant armour {unknown}
 i - a scroll of butterflies {unknown}
 j - 2 scrolls of torment {unknown}
 k - a scroll of amnesia {unknown}
 p - a scroll of enchant weapon {unknown}
 r - 3 scrolls of poison {unknown}
 v - a scroll of fear
Potions
 a - a potion of enlightenment {unknown}
 g - 3 potions of curing
 m - a potion of lignification {unknown}
 n - a potion of attraction {unknown}
 o - a potion of brilliance {unknown}


   Skills:
 - Level 3.2 Fighting
 - Level 0.6 Dodging
 - Level 4.0 Stealth
 - Level 7.9 Unarmed Combat
 - Level 1.1 Spellcasting
 - Level 3.0 Fire Magic
 * Level 4.6 Shapeshifting


You had 9 spell levels left.
You didn't know any spells.
Your spell library contained the following spells:

 Spells                   Type           Power      Damage    Failure   Level
 Scorch                   Fire           28%        2d6       6%          2
 Apportation              Tloc           2%         N/A       16%         1
 Ensorcelled Hibernation  Hex/Ice        2%         N/A       22%         2
 Jinxbite                 Hex            2%         N/A       22%         2
 Dazzling Flash           Conj/Hex       2%         N/A       41%         3
 Passwall                 Erth           1%         N/A       41%         3
 Swiftness                Air            1%         N/A       41%         3
 Olgreb's Toxic Radiance  Alch           1%         N/A       83%         4
 Petrify                  Alch/Erth      1%         N/A       83%         4
 Alistair's Intoxication  Alch           0%         N/A       99%         5
 Irradiate                Conj/Alch      0%         3d11      99%         5
 Lee's Rapid Deconstruct  Erth           0%         3d4*      99%         5
 Starburst                Conj/Fire      3%         6d3       100%        6
 Magnavolt                Erth/Air       0%         3d9       100%        7
 Ozocubu's Refrigeration  Ice            0%         4d7       100%        7
 Discord                  Hex            0%         N/A       100%        8
 Fulsome Fusillade        Conj/Alch      0%         (3-5)d4   100%        8
 Chain Lightning          Conj/Air       0%         2d1       100%        9
 Fire Storm               Conj/Fire      3%         8d1       100%        9
 Shatter                  Erth           0%         3d5*      100%        9
 Animate Armour           Summ/Erth      Unusable   N/A       N/A         4

Dungeon Overview and Level Annotations

Branches:
Dungeon (7/15)             Temple (0/1) D:4

Altars:
Gozag
Kikubaaqudgha
Ru
Uskayaw

Shops:
D:1 [:   D:4 [


Innate Abilities, Weirdness & Mutations

You cannot wear most types of armour.
You are amphibious.
You can wear up to eight rings at the same time.
Your skin changes colour to match your surroundings (Stealth+).
Your rubbery body absorbs attacks. (AC +1, EV +1)
((You are camouflaged when in or above water. (Stealth+)))
You have tentacles for arms and can constrict up to eight enemies at once.


Message History

The white imp shouts, "Begone, thou mangled sow-suckled surfacer!"
The ufetubus closely misses you. The ufetubus hits you.
The white imp gestures at you. The puff of frost hits you!
You tentacle-slap the jelly but do no damage.
The acid corrodes you!
Your tentacles burn!
You tentacle-slap the jelly! Your squeeze misses the jelly.
The jelly is heavily wounded.
A protective cloak of flame settles atop you.
The jelly closely misses you.
You tentacle-slap the jelly.
Your tentacles burn!
The jelly is severely wounded.
The jelly hits you.
You are splashed with acid.
The jelly is burned by your cloak of flames.
The jelly is almost dead.
The white imp spits at you. The white imp gestures at you.
The puff of frost hits you. The ufetubus hits you.
The ufetubus is burned by your cloak of flames.
The ufetubus is burned terribly!
The ufetubus is heavily wounded.
The ufetubus hits you.
The ufetubus is burned by your cloak of flames.
The ufetubus is burned terribly!
You kill the ufetubus!
You tentacle-slap the jelly.
You kill the jelly!
The white imp gestures at you. The puff of frost hits you!
* * * LOW HITPOINT WARNING * * *
You tentacle-slap the white imp but do no damage.
You grab the white imp. You constrict the white imp.
The white imp gestures at you. The puff of frost hits you.
* * * LOW HITPOINT WARNING * * *
You completely miss the white imp.
The white imp is moderately wounded.
You constrict the white imp. The white imp hits you.
You die...
Ignis goes out, and joins you in death.

#.... .... #F.... #####...
#.....#######$....####
+..................!..
.#<..............
#####.≈.ß.≈.## #.≈...≈.#
#######.≈≈.≈≈.# .$#.#
.§§...5@≈≈.≈≈.# ##..#.#
≈§§####.≈≈.≈≈.#.....#.## §≈§
#...≈≈_≈≈.#.# #.#..#
5P.##.#.≈≈≈≈≈...# #.....
#######......≈≈≈....# #$....
..................#.###..∩..
#....#.#...#.#.....#.[.....
#......#...#.#.#####.#.....
#......#...#.#...5.....#...


You could see a white imp.

Vanquished Creatures
  Eustachio (D:4)
  A steam dragon (D:7)
  Edmund (D:4)
  A black bear (D:4)
  2 phantoms
  2 howler monkeys
  A jelly (D:7)
  A hound (D:5)
  A quasit (D:7)
  A sleepcap (D:5)
  2 orc priests (D:4)
  3 iguanas (D:6)
  An orc wizard (D:3)
  5 adders
  2 shadow imps
  2 white imps
  3 ufetubi (D:7)
  3 dart slugs
  6 orcs (D:3)
  5 ball pythons
  3 bats (D:1)
  7 endoplasms
  4 giant cockroaches
  9 goblins
  3 hobgoblins
  2 jackals (D:1)
  2 quokkas
  6 frilled lizards
  10 kobolds
  5 rats
95 creatures vanquished.

Notes
Turn   | Place    | Note
-------+----------+-------------------------------------------
     0 | D:1      | GiantSquids the Octopode Cinder Acolyte began the quest for
                  | the Orb.
     0 | D:1      | Reached XP level 1. HP: 16/16 MP: 2/2
   104 | D:1      | Found Quppipp's Book Emporium.
   104 | D:1      | Noticed a walking crystal tome
   106 | D:1      | Noticed a walking divine tome
   195 | D:1      | Reached XP level 2. HP: 14/21 MP: 3/3
   202 | D:1      | Reached skill level 1 in Stealth
   564 | D:1      | Found Roceah's Antique Armour Boutique.
   660 | D:1      | Reached XP level 3. HP: 19/26 MP: 4/4
  1230 | D:2      | Reached skill level 4 in Unarmed Combat
  1563 | D:3      | Reached XP level 4. HP: 27/31 MP: 5/5
  1582 | D:3      | Found a faded altar of an unknown god.
  2555 | D:4      | Noticed a black bear
  2563 | D:3      | Reached XP level 5. HP: 10/36 MP: 6/6
  2728 | D:4      | Found an opulent altar of Gozag.
  2728 | D:4      | Noticed Eustachio
  2738 | D:4      | Killed Eustachio
  2739 | D:4      | Reached skill level 5 in Unarmed Combat
  2739 | D:4      | Reached XP level 6. HP: 38/42 MP: 7/7
  2821 | D:4      | Noticed Edmund
  2838 | D:4      | Killed Edmund
  2839 | D:4      | Reached skill level 6 in Unarmed Combat
  2943 | D:4      | Found a staircase to the Ecumenical Temple.
  2953 | D:4      | Reached skill level 7 in Unarmed Combat
  2953 | D:4      | Reached XP level 7. HP: 33/46 MP: 8/8
  2982 | D:4      | Found Siegfried's Dragon-Slaying Spoils.
  3167 | D:4      | Found an ancient bone altar of Kikubaaqudgha.
  3506 | D:5      | Entered Level 5 of the Dungeon
  3823 | D:5      | Found a sacrificial altar of Ru.
  4131 | D:5      | Reached skill level 1 in Shapeshifting
  4661 | D:6      | Reached XP level 8. HP: 52/52 MP: 9/9
  5192 | D:7      | Found a hide-covered altar of Uskayaw.
  5427 | D:7      | Slain by a white imp

Illustrated notes

Levels and vault maps discovered:
D:1:      minmay_arrival_four_circles, layout_loops_corners, serial_rivers,
          chequers_serial_rivers_small_b, chequers_serial_rivers_large_a,
          chequers_serial_rivers_small_b, chequers_serial_rivers_micro_e,
          serial_shops, nicolae_shop_mannequins, shop
D:2:      kennysheep_big_flooded_room, layout_rooms, uniq_crazy_yiuf_cottage
D:3:      layout_basic, ebering_ecumenical_altar_hall, nrook_mini_vaults
D:4:      layout_gridville, grunt_gozag_statues, lemuel_doored_altar,
          temple_green, nicolae_shop_dragon_depot, palyth_stone_intersect,
          uniq_edmund, uniq_eustachio
D:5:      layout_basic, nicolae_ru_awakened_eye
D:6:      layout_loops_ring
D:7:      layout_basic, mainiacjoe_overflow_catwalk,
          lemuel_coloured_pillars_altar, serial_demonic, serial_demonic_g,
          serial_demonic_a, serial_demonic_b, serial_demonic_e,
          serial_demonic_d, serial_demonic_d, serial_demonic_f,
          serial_demonic_g, sigmund_army

Skill      XL: |  1  2  3  4  5  6  7  8 |
---------------+-------------------------+-----
Stealth        | 1 2 3 4 |  4.0
Unarmed Combat | 4 5 7 |  7.9
Shapeshifting  | 2 4 |  4.6
Fighting       | |  3.2
Dodging        | |  0.6
Spellcasting   | |  1.1
Fire Magic     | |  3.0

Action                     |  1- 3 |  4- 6 |  7- 9 || total
---------------------------+-------+-------+-------++-------
  Melee: Unarmed           |    92 |    61 |    90 ||   243
         Constrict         |    17 |    13 |    15 ||    45
         Tentacles         |     5 |    12 |    16 ||    33
         Punch             |     1 |     3 |     6 ||    10
 Invoke: Fiery Armour      |       |     2 |     2 ||     4
    Use: Scroll            |       |     3 |     1 ||     4
   Stab: Sleeping          |     5 |     8 |     6 ||    19
 Armour: Skin              |    48 |    30 |    58 ||   136
  Dodge: Dodged            |    47 |    23 |    42 ||   112

Table legend: (Time is in decaauts)
 A = Elapsed time spent in this place.
 B = Non-inter-level travel time spent in this place.
 C = Inter-level travel time spent in this place.
 D = Time resting spent in this place.
 E = Time spent auto-exploring this place.
 F = Levels seen in this place.
 G = Mean time per level.
                   A        B        C        D        E       F      G
               +--------+--------+--------+--------+--------+-----+--------+
         Total |   5401 |   5179 |    222 |    367 |   3993 |   7 |  771.6 |
       Dungeon |   5401 |   5179 |    222 |    367 |   3993 |   7 |  771.6 |
               +--------+--------+--------+--------+--------+-----+--------+

Top non-repeatable levels by time:
     D:3: 1138 daAuts
     D:1: 948 daAuts
     D:6: 938 daAuts
     D:4: 809 daAuts
     D:5: 808 daAuts
     D:2: 597 daAuts
     D:7: 161 daAuts
